 Dungeon Crawl Stone Soup version 0.17-a0-1534-gf98da79 (webtiles) character file.

265 Mychaelh the Charmwright (level 6, -2/46 HPs)
             Began as a Human Skald on July 21, 2014.
             Slain by a gnoll
             ... wielding a +0 halberd
              (8 damage)
             ... on level 4 of the Dungeon on Dec 14, 2016.
             The game lasted 01:24:14 (5791 turns).

Mychaelh the Charmwright (Human Skald)              Turns: 5791, Time: 01:24:14

Health: -2/46      AC:  4    Str: 12    XL:     6   Next: 44%
Magic:  10/10      EV: 12    Int: 14    God:
Gold:   198        SH:  0    Dex: 13    Spells: 4 memorised, 2 levels left

rFire  . . .     SeeInvis .     a - +0 falchion
rCold  . . .     Clarity  .     o - +0 leather armour
rNeg   . . .     SustAt   .     (no shield)
rPois  .         Gourm    .     (no helmet)
rElec  .         Spirit   .     s - +0 cloak
rCorr  .         Warding  .     (no gloves)
rMut   .         Stasis   .     (no boots)
MR     .....                    (no amulet)
Stlth  +.........               (no ring)
                                (no ring)

@: not resistant to hostile enchantments, very unstealthy
A: no striking features
a: no special abilities


You were on level 4 of the Dungeon.
You were full.

You visited 1 branch of the dungeon, and saw 4 of its levels.

You collected 198 gold pieces.

Inventory:

Hand weapons
 a - a +0 falchion (weapon)
 b - a +0 hunting sling
 l - a +0 dagger
 n - a +0 dagger
 y - a +0 blowgun
Missiles
 e - 43 sling bullets
 f - 48 poisoned needles
 k - 24 arrows
 m - 67 stones (quivered)
Armour
 o - a +0 leather armour (worn)
 s - a +0 cloak (worn)
Jewellery
 w - an uncursed ring of magical power {unknown}
 x - an uncursed ring of poison resistance {unknown}
Scrolls
 h - a scroll of noise {unknown}
 j - 4 scrolls of teleportation {unknown}
 p - a scroll of recharging {unknown}
 q - 4 scrolls of fog {unknown}
 r - 3 scrolls of identify {unknown}
 u - a scroll of amnesia {unknown}
Potions
 v - 2 potions of lignification
 z - a potion of curing {unknown}
Books
 c - a book of Battle

   Spells                             Type                      Level
   a - Infusion                       Charms                       1
   b - Shroud of Golubria             Charms/Translocation         2
   c - Song of Slaying                Charms                       2
   d - Spectral Weapon                Hexes/Charms                 3
   e - Regeneration                   Charms/Necromancy            3
Comestibles
 d - a bread ration
 g - 4 fruits
 i - 2 slices of pizza
 t - a meat ration


   Skills:
 + Level 2.7 Fighting
 + Level 2.8 Long Blades
 + Level 1.5(1.6) Slings
 + Level 0.8(1.3) Throwing
 + Level 1.9 Armour
 + Level 3.0 Dodging
 - Level 1.0 Stealth
 + Level 2.7 Spellcasting
 + Level 3.4 Charms
 + Level 0.8 Translocations


You had 2 spell levels left.
You knew the following spells:

 Your Spells              Type           Power        Failure   Level  Hunger
a - Infusion              Chrm           ##....       10%         1    #......
b - Shroud of Golubria    Chrm/Tloc      #.........   21%         2    ###....
c - Song of Slaying       Chrm           ##......     12%         2    ###....
d - Regeneration          Chrm/Necr      #.........   50%         3    ###....


Dungeon Overview and Level Annotations

Branches:
Dungeon (4/15)
 Temple: D:4-7

Altars:
Gozag
Sif Muna


Message History

You hit the gnoll.
You kill the gnoll!
The gnoll barely misses you. The gnoll completely misses you.
The gnoll barely misses you.
Things that are here:
a club; a gnoll corpse You hit the gnoll.
The gnoll is heavily wounded.
The gnoll hits you from afar with a spear.
The gnoll hits you with a halberd.
You hit the gnoll.
The gnoll is heavily wounded.
The gnoll barely misses you. The gnoll hits you with a halberd.
* * * LOW HITPOINT WARNING * * *
You hit the gnoll.
The gnoll is severely wounded.
The gnoll hits you from afar with a spear.
* * * LOW HITPOINT WARNING * * *
The gnoll hits you with a halberd!
You die...

.# #....................#
## #......>.#.###########
# #...#.##.#.# #
#........#.# #
.......####.# # .........
#.# ##.....#### #.#
##..... ###.#.##### .....
..(((gg@..# #####
#####.###.# # # #†######
##################.#....#
...................#.##.#
####################.##.#
................# #.##.#
###############.# #.##.#
#.# #.##.#


You could see 2 gnolls.

Vanquished Creatures
  A crimson imp (D:3)
  An orc priest (D:3)
  An iguana (D:4)
  An orc wizard (D:3)
  2 gnolls (D:4)
  3 adders (D:3)
  3 worms
  4 giant geckos
  3 oozes
  5 orcs (D:3)
  13 bats
  5 giant cockroaches
  5 hobgoblins
  8 kobolds
  3 quokkas
  4 giant newts
  10 goblins
  10 rats
  A rat skeleton (D:4)
83 creatures vanquished.

Notes
Turn   | Place    | Note
--------------------------------------------------------------
     0 | D:1      | Mychaelh, the Human Skald, began the quest for the Orb.
     0 | D:1      | Reached XP level 1. HP: 16/16 MP: 3/3
   585 | D:1      | Reached XP level 2. HP: 20/22 MP: 1/4
   980 | D:2      | Reached XP level 3. HP: 8/27 MP: 4/6
  1207 | D:2      | Found an opulent altar of Gozag.
  1890 | D:3      | Learned a level 2 spell: Shroud of Golubria
  1893 | D:3      | Learned a level 2 spell: Song of Slaying
  1938 | D:3      | Reached XP level 4. HP: 29/34 MP: 5/8
  2558 | D:3      | Found a deep blue altar of Sif Muna.
  2559 | D:3      | Upgraded the game from 0.15-a0-2172-g9ff0d5b to 0.15-a0-2193-g309c75d
  2649 | D:3      | HP: 2/51 [poisoned by an adder]
  2657 | D:3      | HP: 2/51 [poisoned by an adder]
  3219 | D:3      | Upgraded the game from 0.15-a0-2193-g309c75d to 0.15-a0-2352-g26abbdd
  3474 | D:3      | Reached XP level 5. HP: 34/39 MP: 9/9
  3591 | D:3      | Reached skill level 1 in Slings
  3949 | D:3      | Reached XP level 6. HP: 10/46 MP: 7/11
  4328 | D:4      | Learned a level 3 spell: Regeneration
  4661 | D:3      | Upgraded the game from 0.15-a0-2352-g26abbdd to 0.17-a0-1534-gf98da79
  5506 | D:3      | Reached skill level 1 in Stealth
  5791 | D:4      | Slain by a gnoll

Vault maps used:
D:1:      scummos_arrival_simple_crosswalls
D:2:      first_bread, nicolae_gozag_cash_rules_everything_around_me
D:3:      lemuel_blue_sif_altar
D:4:      lemuel_round_altar, yredelemnul_forgotten_temple_becter,
          nicolae_tso_swordbearing_angel, minmay_temple_entry_glassed_door

Action                   |  1- 3 |  4- 6 || total
-------------------------+-------+-------++-------
Melee: Falchion          |   128 |   322 ||   450
 Fire: Hunting sling     |    14 |    34 ||    48
       Blowgun           |       |     5 ||     5
Throw: Stone             |    19 |     9 ||    28
 Cast: Infusion          |     8 |    10 ||    18
       Song of Slaying   |     1 |     4 ||     5
       Shroud of Golubri |       |     7 ||     7
  Use: Potion            |       |     5 ||     5
 Stab: Invisible         |       |     1 ||     1
  Eat: Meat ration       |     1 |     2 ||     3
       Chunk             |     1 |       ||     1
       Bread ration      |       |     1 ||     1
       Beef jerky        |       |     1 ||     1
